 Dungeon Crawl Stone Soup version 0.31-a0-174-g85c54bcb58 (webtiles) character file.

Game seed: 4126426792499309025

111 qw the Shooter (level 4, 0/42 HPs)
             Began as a Naga Hunter on June 15, 2023.
             Killed by nerve-wracking pain
             ... invoked by an orc priest
              (7 damage)
             ... on level 3 of the Dungeon.
             The game lasted 00:00:41 (1823 turns).

qw the Shooter (Naga Hunter)                        Turns: 1823, Time: 00:00:42

Health: 0/42       AC:  3    Str: 13    XL:     4   Next: 92%
Magic:  4/4        EV:  9    Int: 10    God:
Gold:   137        SH:  0    Dex: 16    Spells: 3/3 levels left

rFire   . . .        Y - +1 shortbow
rCold   . . .        (shield currently unavailable)
rNeg    . . .        c - +0 leather armour
rPois   +            b - +0 helmet
rElec   .            (no cloak)
rCorr   .            (no gloves)
SInv    +            (no barding)
Will    .....        (no amulet)
Stlth   ++           (no ring)
HPRegen 0.27/turn    (no ring)
MPRegen 0.09/turn

%: no passive effects
@: short of breath, very slow
A: AC +1, large, see invisible, deformed body, poison resistance, slowness 2,
spit poison 1, naga tail 1
a: Spit Poison


You were on level 3 of the Dungeon.
You visited 1 branch of the dungeon, and saw 3 of its levels.

You collected 137 gold pieces.


Innate Abilities, Weirdness & Mutations

Your serpentine skin is tough. (AC +1)
You have supernaturally acute eyesight. (SInv)
Armour fits poorly on your strangely shaped body.
Your system is resistant to poisons. (rPois)
You cover ground very slowly.
You can spit poison.
You have a snake-like lower body.


   Skills:
 - Level 3.1 Fighting
 + Level 5.0 Ranged Weapons
 - Level 1.5 Dodging
 - Level 1.5 Stealth


You had 3 spell levels left.
You didn't know any spells.
Your spell library was empty.

Inventory:

Hand Weapons
 Y - a +1 shortbow (weapon)
Armour
 b - a +0 helmet (worn)
 c - a +0 leather armour (worn)
Jewellery
 e - a ring of ice
Scrolls
 a - a scroll of enchant armour {unknown}
Potions
 d - a potion of curing
 f - a potion of brilliance {unknown}
 g - a potion of degeneration {unknown}

Dungeon Overview and Level Annotations

Branches:
Dungeon (3/15)

Altars:


Message History

You shoot an arrow. The arrow hits the orc.
The orc is moderately wounded.
The bat barely misses you.
The orc priest looks braver for a moment.
The orc hits you with a +0 whip. The quokka barely misses you.
You shoot an arrow. The arrow hits the orc!
You kill the orc!
You have got your breath back.
The bat completely misses you.
The orc priest miscasts a cantrip.
The quokka closely misses you.
1819 ||| INVOKING Spit Poison.
Aiming: Spit Poison (1% risk of failure)
Press: ? - help, Shift-Dir - straight line, f - quokka The splash of poison hits the quokka!
The quokka is poisoned.
You kill the quokka!
The bat barely misses you.
You shoot an arrow. The arrow hits the orc priest.
The orc priest is heavily wounded.
The bat hits you but does no damage.
The orc priest begins to cast a cantrip, but forgets the words!
The hobgoblin completely misses you.
You shoot an arrow. The arrow hits the orc priest.
The orc priest is heavily wounded.
The bat barely misses you.
The hobgoblin hits you but does no damage.
The orc priest calls down the wrath of Beogh upon you.
Beogh smites you! The bat hits you.
You shoot an arrow. The arrow barely misses the orc priest.
You have got your breath back.
The bat barely misses you. The hobgoblin hits you.
The orc priest looks braver for a moment.
1823 ||| INVOKING Spit Poison.
Aiming: Spit Poison (1% risk of failure)
Press: ? - help, Shift-Dir - straight line, f/p - orc priest The splash of poison misses the orc priest.
The bat hits you but does no damage. The hobgoblin barely misses you.
The orc priest invokes the aid of Beogh against you.
Pain shoots through your body!
You die...

######..#.<...##
##.##
######..####...###.##
#............##.#.##
#.####.########...#
.#.......# #...#
#........# #...#
7.7......#######...#
7....)[#..o.......
7........@g........
7......#..b.........
7......#######...###7
7....### . ..###. #.
#. .. #


You could see an orc priest, a hobgoblin and a bat.

Vanquished Creatures
  4 gnolls (D:3)
  An adder (D:2)
  A dart slug (D:1)
  3 orcs (D:3)
  4 ball pythons (D:1)
  A bat (D:2)
  3 endoplasms
  2 giant cockroaches (D:1)
  4 hobgoblins (D:1)
  5 quokkas
  A frilled lizard (D:1)
  6 goblins
  8 kobolds
  15 rats
58 creatures vanquished.

Notes
Turn   | Place    | Note
-------+----------+-------------------------------------------
     0 | D:1      | qw the Naga Hunter began the quest for the Orb.
     0 | D:1      | Reached XP level 1. HP: 19/19 MP: 1/1
     0 | D:1      | 0 ||| qw: Version: 0.2-a-29-g511e9b1
     0 | D:1      | 0 ||| qw: Game counter: 5330
     0 | D:1      | 0 ||| qw: Always use a shield: true
     0 | D:1      | 0 ||| qw: God list: Okawaru
     0 | D:1      | 0 ||| qw: Allow faded altars: false
     0 | D:1      | 0 ||| qw: Do Orc after D:15 true
     0 | D:1      | 0 ||| qw: Do second Lair branch before Depths: true
     0 | D:1      | 0 ||| qw: Lair rune preference: random
     0 | D:1      | 0 ||| qw: Plans: Normal
     0 | D:1      | 0 ||| PLANNING D:1-11
    20 | D:1      | 20 ||| INVOKING Spit Poison.
    21 | D:1      | 21 ||| INVOKING Spit Poison.
    26 | D:1      | 26 ||| INVOKING Spit Poison.
    38 | D:1      | 38 ||| INVOKING Spit Poison.
    42 | D:1      | 42 ||| INVOKING Spit Poison.
    69 | D:1      | 69 ||| INVOKING Spit Poison.
    80 | D:1      | 80 ||| INVOKING Spit Poison.
   119 | D:1      | 119 ||| INVOKING Spit Poison.
   121 | D:1      | Reached skill level 4 in Ranged Weapons
   121 | D:1      | Reached XP level 2. HP: 25/26 MP: 2/2
   175 | D:1      | 175 ||| INVOKING Spit Poison.
   244 | D:1      | 244 ||| INVOKING Spit Poison.
   364 | D:1      | 364 ||| INVOKING Spit Poison.
   369 | D:1      | 369 ||| INVOKING Spit Poison.
   373 | D:1      | 373 ||| INVOKING Spit Poison.
   383 | D:1      | 383 ||| INVOKING Spit Poison.
   392 | D:1      | 392 ||| INVOKING Spit Poison.
   399 | D:1      | 399 ||| INVOKING Spit Poison.
   422 | D:1      | 422 ||| INVOKING Spit Poison.
   423 | D:1      | Reached XP level 3. HP: 32/32 MP: 3/3
   454 | D:1      | 454 ||| INVOKING Spit Poison.
   486 | D:1      | 486 ||| INVOKING Spit Poison.
   708 | D:1      | 708 ||| INVOKING Spit Poison.
   783 | D:1      | 783 ||| INVOKING Spit Poison.
   864 | D:1      | 864 ||| INVOKING Spit Poison.
   869 | D:1      | 869 ||| INVOKING Spit Poison.
   967 | D:1      | 967 ||| DROPPING ring of flight.
   968 | D:1      | 968 ||| READING scroll labelled OSORCH BOERR.
   969 | D:1      | 969 ||| DRINKING 2 cyan potions.
   970 | D:1      | 970 ||| DROPPING scroll of butterflies.
  1175 | D:2      | 1175 ||| INVOKING Spit Poison.
  1180 | D:2      | 1180 ||| INVOKING Spit Poison.
  1187 | D:2      | 1187 ||| INVOKING Spit Poison.
  1190 | D:2      | 1190 ||| INVOKING Spit Poison.
  1368 | D:2      | 1368 ||| INVOKING Spit Poison.
  1430 | D:2      | 1430 ||| INVOKING Spit Poison.
  1431 | D:2      | Reached skill level 5 in Ranged Weapons
  1434 | D:2      | Reached XP level 4. HP: 39/39 MP: 4/4
  1437 | D:2      | 1437 ||| INVOKING Spit Poison.
  1452 | D:2      | 1452 ||| INVOKING Spit Poison.
  1462 | D:2      | 1462 ||| INVOKING Spit Poison.
  1470 | D:2      | 1470 ||| INVOKING Spit Poison.
  1480 | D:2      | 1480 ||| INVOKING Spit Poison.
  1544 | D:2      | 1544 ||| UPGRADING to +0 helmet.
  1549 | D:2      | 1549 ||| READING scroll labelled OFFYNGEITEO.
  1550 | D:2      | 1550 ||| READING scroll labelled UMEGOLORAPH.
  1551 | D:2      | 1551 ||| READING scroll labelled VUOC TUAQOSA.
  1584 | D:3      | 1584 ||| INVOKING Spit Poison.
  1591 | D:3      | 1591 ||| Stepping ~*~*~tactically~*~*~ (outnumbered).
  1593 | D:3      | 1593 ||| Stepping ~*~*~tactically~*~*~ (outnumbered).
  1594 | D:3      | 1594 ||| INVOKING Spit Poison.
  1600 | D:3      | 1600 ||| INVOKING Spit Poison.
  1611 | D:3      | 1611 ||| INVOKING Spit Poison.
  1615 | D:3      | Reached skill level 3 in Fighting
  1808 | D:3      | 1808 ||| INVOKING Spit Poison.
  1814 | D:3      | 1814 ||| INVOKING Spit Poison.
  1819 | D:3      | 1819 ||| INVOKING Spit Poison.
  1822 | D:3      | HP: 7/42 [hobgoblin (4)]
  1823 | D:3      | 1823 ||| INVOKING Spit Poison.
  1823 | D:3      | Killed from afar by an orc priest

Levels and vault maps discovered:
D:1:      dpeg_arrival_arbitrary_a, layout_basic, minmay_misc_feat_room
D:2:      layout_basic, fountainhead, minmay_rat_gold_closets
D:3:      minmay_wonky_spiral, layout_loops_cross, vehumet_crystals,
          serial_forest, infiniplex_forest_lined_3_way,
          infiniplex_forest_corner_1, infiniplex_forest_lined_room_,
          infiniplex_forest_corner_2, infiniplex_forest_straight_2, minivault_4

Skill      XL: |  1  2  3  4 |
---------------+-------------+-----
Ranged Weapons | 4 5 |  5.0
Fighting       | 3 |  3.1
Dodging        | |  1.5
Stealth        | |  1.5

Action                     |  1- 3 |  4- 6 || total
---------------------------+-------+-------++-------
   Fire: Shortbow          |    74 |    30 ||   104
Ability: Spit Poison       |    28 |    13 ||    41
    Use: Scroll            |     1 |     3 ||     4
         Potion            |     1 |       ||     1
 Armour: Leather armour    |     5 |     6 ||    11
  Dodge: Dodged            |    13 |    19 ||    32

Table legend:
 A = Non-vault XP
 B = Vault XP
 C = Vault XP percentage of total XP
 D = Non-vault monster count
 E = Vault monster count
 F = Vault count percentage of total count
                 A         B        C        D         E       F
            +---------+---------+-------+---------+---------+-------
      Total |     150 |       9 |   5.7 |      49 |       9 |  15.5
            +---------+---------+-------+---------+---------+-------
        D:1 |      54 |       0 |   0.0 |      32 |       0 |   0.0
        D:2 |      26 |       9 |  25.7 |       8 |       9 |  52.9
        D:3 |      70 |       0 |   0.0 |       9 |       0 |   0.0
            +---------+---------+-------+---------+---------+-------
